 Dungeon Crawl Stone Soup version 0.30-a0-627-gc11e7ae810 (console) character file.

Game seed: 16452773789332155623

71514 Ignak the Fighter (level 15, -4/158 HPs)
             Began as an Ogre Warper on Jan 12, 2023.
             Was an Elder of Okawaru.
             Killed from afar by a catoblepas (5 damage)
             ... with a blast of calcifying dust
             ... while petrified by a catoblepas
             ... on level 5 of the Lair of Beasts.
             The game lasted 01:06:06 (19798 turns).

Ignak the Fighter (Ogre Warper)                    Turns: 19798, Time: 01:06:06

Health: -4/158     AC:  6    Str: 24    XL:     15   Next: 36%
Magic:  28/28      EV:  1    Int: 16    God:    Okawaru [****..]
Gold:   598        SH:  0    Dex: 15    Spells: 6/32 levels left

rFire   . . .      SeeInvis +    L - +10 war axe {flame, Str+2 SInv}
rCold   . . .      Faith    .    a - +0 kite shield
rNeg    + + +      Spirit   .    H - +1 troll leather armour
rPois   ∞          Reflect  +    t - +0 hat
rElec   .          Harm     .    o - +0 cloak
rCorr   .          Rampage  .    (gloves unavailable)
Will    ++...                    (boots unavailable)
Stlth   +                        C - amulet of reflection
HPRegen 1.26/turn                f - ring of willpower
MPRegen 0.21/turn                g - +5 ring of evasion

@: petrified, slowed
A: large, unfitting armour, tough skin 1, agile 2, clever 1, deformed body, wild
magic 1
a: Renounce Religion, Heroism, Finesse


You were on level 5 of the Lair of Beasts.
You worshipped Okawaru.
Okawaru was greatly pleased with you.
You visited 4 branches of the dungeon, and saw 18 of its levels.
You also visited: Ossuary.

You collected 2196 gold pieces.
You spent 1598 gold pieces at shops.

Inventory:

Hand Weapons
 L - the +10 war axe "Ovaafil" (weapon) {flame, Str+2 SInv}
   (You bought it in a shop on level 2 of the Orcish Mines)

   Str:       It affects your strength (+2).
   SInv:      It lets you see invisible.
Missiles
 k - 31 poisoned darts (quivered)
 v - 3 datura-tipped darts
 B - 20 boomerangs
 J - 14 large rocks
Armour
 a - a +0 kite shield (worn)
 j - an orb of wrath
 o - a +0 cloak (worn)
 t - a +0 hat (worn)
 G - a +2 robe of willpower
 H - a +1 troll leather armour (worn)
Jewellery
 f - a ring of willpower (left hand)
 g - a +5 ring of evasion (right hand)
 r - a ring of positive energy
 C - an amulet of reflection (around neck)
 N - a ring of willpower
Wands
 i - a wand of polymorph (9)
 p - a wand of flame (51)
 u - a wand of roots (11)
 A - a wand of quicksilver (3)
 P - a wand of digging (5)
Scrolls
 b - a scroll of butterflies
 c - 6 scrolls of blinking
 d - a scroll of fear
 h - 9 scrolls of teleportation
 s - 7 scrolls of poison
 y - 2 scrolls of silence
 z - 2 scrolls of enchant weapon
 O - a scroll of fog
Potions
 e - 7 potions of curing
 l - a potion of ambrosia
 n - 2 potions of lignification
 q - 2 potions of mutation
 w - a potion of might
 x - 4 potions of brilliance {unknown}
 D - a potion of resistance
 E - a potion of magic
 F - 2 potions of haste
 M - a potion of berserk rage


   Skills:
 + Level 12.4 Fighting
 * Level 11.5(11.6) Axes
 - Level 2.5(7.2) Maces & Flails
 - Level 4.0 Throwing
 - Level 5.0 Armour
 + Level 7.9 Dodging
 * Level 7.7 Shields
 - Level 1.0 Unarmed Combat
 + Level 9.4 Spellcasting
 - Level 2.0 Conjurations
 - Level 7.5 Translocations
 + Level 6.5 Air Magic
 - Level 5.0 Poison Magic
 - Level 8.0 Invocations


You had 6 spell levels left.
You knew the following spells:

 Your Spells              Type           Power      Damage    Failure   Level
a - Teleport Other        Tloc           41%        N/A       5%          3
b - Blink                 Tloc           82%        N/A       3%          2
c - Vhi's Electric Charg  Tloc/Air       78%        N/A       6%          3
d - Mephitic Cloud        Conj/Pois/Air  28%        N/A       16%         3
e - Manifold Assault      Tloc           41%        N/A       14%         4
f - Flame Wave            Conj/Fire      13%        2d6       87%         4
q - Portal Projectile     Hex/Tloc       50%        N/A       21%         3
z - Olgreb's Toxic Radia  Pois           30%        N/A       36%         4

Your spell library contained the following spells:

 Spells                   Type           Power      Damage    Failure   Level
 Poisonous Vapours        Pois/Air       66%        N/A       5%          2
 Lesser Beckoning         Tloc           82%        N/A       5%          3
 Sting                    Tmut/Pois      80%        1d7       12%         1
 Slow                     Hex            36%        N/A       30%         1
 Ignite Poison            Fire/Tmut/Pois 16%        N/A       41%         3
 Dazzling Flash           Conj/Hex       26%        N/A       50%         3
 Inner Flame              Hex/Fire       9%         N/A       63%         3
 Sticky Flame             Conj/Fire      13%        2d4       87%         4
 Silence                  Hex/Air        11%        N/A       89%         5
 Cause Fear               Hex            4%         N/A       95%         4
 Leda's Liquefaction      Hex/Erth       4%         N/A       95%         4
 Petrify                  Tmut/Erth      9%         N/A       95%         4
 Alistair's Intoxication  Tmut/Pois      13%        N/A       95%         5
 Agony                    Necr           9%         N/A       100%        5
 Metabolic Englaciation   Hex/Ice        4%         N/A       100%        5
 Eringya's Noxious Bog    Tmut/Pois      10%        N/A       100%        6
 Statue Form              Tmut/Erth      6%         N/A       100%        6
 Maxwell's Capacitive Co  Air            18%        ∞         100%        8
 Call Canine Familiar     Summ           Unusable   N/A       N/A         3

Dungeon Overview and Level Annotations

Branches:
Dungeon (10/15)            Temple (1/1) D:4            Lair (5/5) D:8
  Swamp (0/4) Lair:2        Snake (0/4) Lair:2        Slime (0/5) Lair:4
    Orc (2/2) D:9             Elf (0/3) Orc:2       Ossuary (visited)

Altars:
Ashenzari
Cheibriados
Elyvilon
Fedhas
Gozag
Hepliaklqana
Kikubaaqudgha
Makhleb
Nemelex Xobeh
Okawaru
Qazlal
Ru
Sif Muna
Trog
Wu Jian
Yredelemnul
Zin
The Shining One
Jiyva

Shops:
D:1 *   D:2 *   D:4 *   Orc:2 =*[(

Annotations:
D:8 3 runed translucent doors, Zigma's ghost, novice OpSu


Innate Abilities, Weirdness & Mutations

You are too large for most types of armour.
You have tough skin. (AC +1)
You are very agile. (Dex +8, Str/Int -2)
Your mind is acute. (Int +4, Str/Dex -1)
Armour fits poorly on your strangely shaped body.
Your spells are a little harder to cast, but a little more powerful.


Message History

The torpor snail is engulfed in calcifying dust.
The torpor snail stops moving altogether!
The cane toad is engulfed in calcifying dust. x2
The catoblepas attacks as you move away!
You block the catoblepas's attack.
The catoblepas breathes a plume of calcifying dust at you.
The blast of calcifying dust hits you!
The helpless torpor snail fails to defend itself.
You slash the torpor snail! You burn the torpor snail.
The torpor snail is severely wounded.
You hit the catoblepas but do no damage.
The helpless cane toad fails to defend itself.
You slash the cane toad! You burn the cane toad.
You are engulfed in calcifying dust.
You are slowing down.
The catoblepas roars fiercely, eyes lowered.
You block the catoblepas's attack.
Unknown command.
The catoblepas gores you!!
* * * LOW HITPOINT WARNING * * *
You block the catoblepas's attack.
You have turned to stone.
The catoblepas gores you but does no damage.
The cane toad is no longer petrified.
The torpor snail is no longer petrified.
The catoblepas gores you!
* * * LOW HITPOINT WARNING * * *
The cane toad stings you!!
* * * LOW HITPOINT WARNING * * *
The torpor snail bites you!
* * * LOW HITPOINT WARNING * * *
The cane toad stings you.
* * * LOW HITPOINT WARNING * * *
The catoblepas gores you but does no damage.
The cane toad stings you!!
* * * LOW HITPOINT WARNING * * *
The torpor snail bites you!!
* * * LOW HITPOINT WARNING * * *
The catoblepas breathes a plume of calcifying dust at you.
The blast of calcifying dust hits you!
You die...

#### ### # #### ###P.######
#.####.# ##
###...##.#..#..#P####....P..##.#
..[..............................
......<.##...##..................
P.......#...#.#..Y....#####.##...
.##......#####..@w.....#P#...#...
##...†......##.F....#..........
#....##....###............##...
#............#.............#....
##.......$...#......#.#...P#....
#.....#.....##.....###....#....
#.....###.#..#..!..P.##....#...
......####.##.$......#.#..P....
......P..##.....................


You could see a catoblepas, a torpor snail and a cane toad.

Vanquished Creatures
  An orc warlord (Orc:1)
  The ghost of Puas the Warrior, a journeyman GrBe of Trog (Lair:1)
  A hydra (Lair:3)
  The ghost of Zeog the Skirmisher, a journeyman TeHu of Hepliaklqana (Lair:2)
  A catoblepas (Lair:5)
  A two-headed ogre (D:7)
  Erica (D:9)
  A boulder beetle (Lair:1)
  A death yak (Lair:2)
  4 orc high priests
  Sonja (Lair:3)
  2 goliath frogs (Lair:5)
  3 orc sorcerers (Orc:2)
  3 orc knights
  9 elephants
  6 torpor snails
  A black mamba (Lair:1)
  17 cane toads
  11 komodo dragons
  2 kobold demonologists
  3 rime drakes
  6 trolls
  3 polar bears
  A tyrant leech (Lair:5)
  A hornet (D:8)
  Grinder (D:4)
  4 dream sheep (Lair:5)
  13 blink frogs
  2 slime creatures (Lair:4)
  22 yaks
  2 wraiths (D:9)
  2 basilisks
  4 vampire mosquitoes
  A steam dragon (D:8)
  Menkaure (D:4)
  Edmund (D:5)
  5 wargs
  10 water moccasins
  2 acid dragons (D:8)
  3 sky beasts
  28 orc warriors
  2 black bears
  10 ogres
  5 centaurs
  15 wolves
  2 phantoms
  4 elf zombies (Ossuary)
  A kobold brigand (D:8)
  16 bullfrogs
  2 scorpions (D:6)
  5 wights (D:7)
  12 killer bees
  A howler monkey (D:7)
  2 centaur zombies (Ossuary)
  9 hounds
  6 human zombies (Ossuary)
  A gnoll bouda (D:9)
  29 orc priests
  Ijyb (D:4)
  3 jellies
  3 iguanas
  Jessica (D:3)
  28 orc wizards
  4 hell rats (Lair:4)
  Natasha (thrice) (D:2)
  5 mummies
  Robin (D:3)
  8 adders
  12 gnolls
  A river rat (D:4)
  4 shadow imps
  A white imp (D:7)
  6 worms
  A dart slug (D:2)
  67 orcs
  8 endoplasms
  3 giant cockroaches
  18 goblins
  9 hobgoblins
  24 kobolds
  6 quokkas
  10 ball pythons
  3 bats (D:1)
  A frilled lizard (D:1)
  A goblin zombie (D:6)
  4 hobgoblin zombies (D:6)
  A kobold zombie (D:6)
  6 rats
548 creatures vanquished.

Vanquished Creatures (others)
  15 fungi
  144 plants
159 creatures vanquished.

Grand Total: 707 creatures vanquished

Notes
Turn   | Place    | Note
-------+----------+-------------------------------------------
     0 | D:1      | Ignak the Ogre Warper began the quest for the Orb.
     0 | D:1      | Reached XP level 1. HP: 22/22 MP: 3/3
   103 | D:1      | Reached XP level 2. HP: 15/29 MP: 3/5
   108 | D:1      | Learned a level 2 spell: Blink
   490 | D:1      | Reached skill level 3 in Fighting
   646 | D:1      | Reached XP level 3. HP: 32/37 MP: 6/6
   698 | D:1      | Found Ehyhecwu's General Store.
   704 | D:1      | Bought a scroll of teleportation for 30 gold pieces
  1057 | D:2      | Got the Anthology of Shocking Intoxication
  1065 | D:2      | Learned a level 3 spell: Mephitic Cloud
  1096 | D:2      | Noticed Natasha
  1111 | D:2      | Killed Natasha
  1112 | D:2      | Reached XP level 4. HP: 33/45 MP: 7/7
  1199 | D:2      | Found Yteywom's General Store.
  1588 | D:1      | Bought 2 scrolls of identify for 40 gold pieces
  1688 | D:3      | Found a transporter.
  1690 | D:3      | Found a transporter.
  1743 | D:3      | Reached skill level 1 in Unarmed Combat
  1743 | D:3      | Reached XP level 5. HP: 47/53 MP: 9/9
  1806 | D:3      | Noticed Robin
  1878 | D:3      | Found a burning altar of Makhleb.
  2017 | D:3      | Noticed Jessica
  2023 | D:3      | Killed Jessica
  2024 | D:3      | Reached skill level 1 in Armour
  2056 | D:3      | Found a stormy altar of Qazlal.
  2058 | D:3      | Found a shimmering blue altar of Sif Muna.
  2108 | D:3      | Noticed a kobold demonologist
  2121 | D:3      | Got the Encyclopedia of the Disgusting Evil Eye
  2275 | D:3      | Reached skill level 1 in Air Magic
  2384 | D:3      | Reached skill level 1 in Poison Magic
  2385 | D:3      | Killed a kobold demonologist
  2386 | D:3      | Reached skill level 4 in Fighting
  2386 | D:3      | Reached skill level 1 in Axes
  2386 | D:3      | Reached skill level 1 in Conjurations
  2386 | D:3      | Reached XP level 6. HP: 51/62 MP: 6/10
  2386 | D:3      | Reached XP level 7. HP: 58/70 MP: 6/11
  2830 | D:3      | Killed Robin
  3125 | D:2      | Noticed Natasha
  3133 | D:2      | Killed Natasha
  3237 | D:2      | Noticed Natasha
  3249 | D:2      | Killed Natasha
  3283 | D:2      | Bought a scroll of teleportation for 42 gold pieces
  3328 | D:2      | HP: 3/71 [poisoned by a killer bee]
  3748 | D:4      | Noticed Menkaure
  3751 | D:4      | Found Zin's Purification Station.
  4046 | D:4      | Killed Menkaure
  4047 | D:4      | Reached XP level 8. HP: 37/79 MP: 13/13
  4178 | D:4      | Found a glowing silver altar of Zin.
  4567 | D:4      | Noticed Ijyb
  4590 | D:4      | Killed Ijyb
  4694 | D:4      | Found an opulent altar of Gozag.
  4707 | D:4      | Noticed Grinder
  4714 | D:4      | HP: 2/79 [gnoll/+0 flail (4)]
  4999 | D:4      | Killed Grinder
  5000 | D:4      | Reached skill level 5 in Fighting
  5218 | D:4      | Gained mutation: Your mind is acute. (Int +4, Str/Dex -1)
                  | [potion of mutation]
  5218 | D:4      | Gained mutation: You are agile. (Dex +4, Str/Int -1)
                  | [potion of mutation]
  5218 | D:4      | Gained mutation: You are very agile. (Dex +8, Str/Int -2)
                  | [potion of mutation]
  5218 | D:4      | Gained mutation: Your spells are a little harder to cast,
                  | but a little more powerful. [potion of mutation]
  5441 | D:4      | Found a staircase to the Ecumenical Temple.
  5447 | Temple   | Entered the Ecumenical Temple
  5465 | Temple   | Became a worshipper of Warmaster Okawaru
  5558 | D:5      | Entered Level 5 of the Dungeon
  5843 | D:5      | Reached XP level 9. HP: 70/88 MP: 15/15
  5847 | D:5      | Learned a level 3 spell: Vhi's Electric Charge
  5851 | D:5      | Learned a level 3 spell: Teleport Other
  5856 | D:5      | Learned a level 4 spell: Manifold Assault
  5932 | D:5      | Noticed Edmund
  6145 | D:5      | Killed Edmund
  6465 | D:6      | Reached * piety under Okawaru
  6712 | D:6      | Found a sand-covered staircase.
  6719 | Ossuary  | Entered an ossuary
  6768 | Ossuary  | Reached skill level 5 in Axes
  6776 | Ossuary  | Reached skill level 6 in Fighting
  6831 | Ossuary  | Reached skill level 5 in Spellcasting
  7014 | D:6      | Reached ** piety under Okawaru
  7046 | D:6      | Found a white marble altar of Elyvilon.
  7096 | D:6      | Reached skill level 7 in Fighting
  7281 | D:6      | Found a blossoming altar of Fedhas.
  7536 | D:7      | Reached XP level 10. HP: 99/102 MP: 18/18
  7635 | D:7      | Reached skill level 5 in Translocations
  8143 | D:7      | Found an ornate altar of the Wu Jian Council.
  8186 | D:7      | Noticed a two-headed ogre
  8194 | D:7      | Killed a two-headed ogre
  8194 | D:7      | Reached *** piety under Okawaru
  8195 | D:7      | Reached skill level 8 in Fighting
  8195 | D:7      | Reached skill level 5 in Dodging
  8590 | D:8      | Found a runed translucent gate.
  8591 | D:8      | Found an opulent altar of Gozag.
  8595 | D:8      | Found a runed translucent gate.
  8596 | D:8      | Found a runed translucent gate.
  8597 | D:8      | Noticed Zigma's ghost (novice OpSu)
  8652 | D:8      | Received a gift from Okawaru
  8805 | D:8      | Found a staircase to the Lair.
  8878 | D:8      | Reached skill level 9 in Fighting
  9880 | D:9      | Noticed a kobold demonologist
  9881 | D:9      | Reached XP level 11. HP: 115/115 MP: 20/20
 10009 | D:9      | Reached **** piety under Okawaru
 10099 | D:9      | Found an ancient bone altar of Kikubaaqudgha.
 10121 | D:9      | Found a staircase to the Orcish Mines.
 10145 | D:9      | Found a snail-covered altar of Cheibriados.
 10250 | D:9      | Found a sparkling altar of Nemelex Xobeh.
 10299 | D:9      | Noticed Erica
 10315 | D:9      | Killed Erica
 10316 | D:9      | Reached skill level 10 in Fighting
 11239 | D:10     | Entered Level 10 of the Dungeon
 11317 | Orc:1    | Entered Level 1 of the Orcish Mines
 11483 | Orc:2    | Entered Level 2 of the Orcish Mines
 11526 | Orc:2    | Found a staircase to the Elven Halls.
 11569 | Orc:2    | Reached ***** piety under Okawaru
 11695 | Orc:1    | Reached skill level 1 in Invocations
 11760 | Orc:1    | Reached skill level 5 in Armour
 11885 | Orc:1    | Found a shimmering blue altar of Sif Muna.
 12455 | Orc:2    | Received a gift from Okawaru
 12483 | Orc:2    | Learned a level 3 spell: Portal Projectile
 12559 | Orc:2    | Noticed an orc sorcerer
 12566 | Orc:2    | Noticed an orc high priest
 12568 | Orc:2    | Killed an orc sorcerer
 12568 | Orc:2    | Received a gift from Okawaru
 12569 | Orc:2    | Reached XP level 12. HP: 114/127 MP: 19/23
 12606 | Orc:2    | Noticed an orc high priest
 12612 | Orc:2    | Noticed an orc high priest
 12724 | Orc:2    | Killed an orc high priest
 12726 | Orc:2    | Killed an orc high priest
 12792 | Orc:2    | Gained mutation: Armour fits poorly on your strangely
                  | shaped body. [a neqoxec]
 12817 | Orc:2    | Killed an orc high priest
 12837 | Orc:2    | Received a gift from Okawaru
 12839 | Orc:2    | Noticed an orc high priest
 12912 | Orc:2    | Noticed an orc warlord
 12914 | Orc:2    | Noticed a sun demon
 12974 | Orc:1    | Killed an orc warlord
 13202 | Orc:1    | Killed an orc high priest
 13203 | Orc:1    | Reached skill level 11 in Fighting
 13416 | Orc:2    | Reached skill level 5 in Invocations
 13841 | Orc:2    | Found Renn's Antique Armour Emporium.
 13842 | Orc:2    | Found Odiuzxic's Antique Weapon Emporium.
 13844 | Orc:2    | Found Virietiu's General Store.
 13844 | Orc:2    | Found Izeippukh's Jewellery Shoppe.
 13870 | Orc:2    | Bought a pitted war axe for 212 gold pieces
 13870 | Orc:2    | Identified the +2 war axe "Hisetsi" {speed, SInv} (You
                  | bought it in a shop on level 2 of the Orcish Mines)
 13870 | Orc:2    | Bought a twisted war axe for 212 gold pieces
 13870 | Orc:2    | Identified the +10 war axe "Ovaafil" {flame, Str+2 SInv}
                  | (You bought it in a shop on level 2 of the Orcish Mines)
 13884 | Orc:2    | Bought a kite shield for 148 gold pieces
 13892 | Orc:2    | Bought a Young Poisoner's Handbook for 320 gold pieces
 13897 | Orc:2    | Learned a level 4 spell: Olgreb's Toxic Radiance
 13912 | Orc:2    | Bought a glowing troll leather armour for 594 gold pieces
 14148 | Lair:1   | Entered Level 1 of the Lair of Beasts
 14148 | Lair:1   | Noticed a boulder beetle
 14173 | Lair:1   | Killed a boulder beetle
 14280 | Lair:1   | Reached skill level 1 in Shields
 14329 | Lair:1   | Received a gift from Okawaru
 14418 | Lair:1   | Reached XP level 13. HP: 108/137 MP: 18/25
 14419 | Lair:1   | Reached skill level 10 in Axes
 14793 | Lair:1   | Found a transporter.
 14798 | Lair:1   | Noticed Puas's ghost (journeyman GrBe)
 15105 | Lair:1   | Found a transporter.
 15377 | Lair:1   | Killed Puas's ghost
 15437 | Lair:1   | Identified the +1 leather armour "Gushus" {rPois Dex+2}
 15456 | Lair:1   | Identified the +0 robe of a ziggurat {-Cast +Inv rElec
                  | Dex+4} (Okawaru gifted it to you on level 1 of the Lair of
                  | Beasts)
 15456 | Lair:1   | Received a gift from Okawaru
 15670 | Lair:2   | Found a staircase to the Snake Pit.
 15679 | Lair:2   | Identified the +3 pair of boots of Thoughtfulness {Int+4
                  | Dex+3}
 15755 | Lair:2   | Found a runed translucent gate.
 15755 | Lair:2   | Found a runed translucent gate.
 15755 | Lair:2   | Found a runed translucent gate.
 15755 | Lair:2   | Noticed Zeog's ghost (journeyman TeHu)
 15766 | Lair:2   | Killed Zeog's ghost
 15948 | Lair:2   | Found a staircase to the Swamp.
 16193 | Arena    | Entered the Arena
 16469 | Lair:3   | Noticed Sonja
 16481 | Lair:3   | Killed Sonja
 16482 | Lair:3   | Reached skill level 5 in Air Magic
 16511 | Lair:3   | Reached skill level 5 in Poison Magic
 17179 | Lair:4   | Found a snail-covered altar of Cheibriados.
 17688 | D:5      | Learned a level 4 spell: Flame Wave
 18333 | Lair:4   | Reached skill level 12 in Fighting
 18365 | Lair:4   | Reached XP level 14. HP: 148/149 MP: 27/27
 18450 | Lair:4   | Found a staircase to the Slime Pits.
 18454 | Lair:4   | Found a viscous altar of Jiyva.
 18502 | Lair:4   | Reached XP level 15. HP: 141/156 MP: 28/28
 18892 | Lair:5   | Entered Level 5 of the Lair of Beasts
 19521 | Lair:5   | HP: 6/158 [catoblepas (12)]
 19798 | Lair:5   | HP: 1/158 [torpor snail (11)]
 19798 | Lair:5   | Killed from afar by a catoblepas

Illustrated notes

Levels and vault maps discovered:
D:1:      roderic_crop_circles_arrival_small, layout_basic, serial_shops, shop,
          serial_glass, glass_columns_a, glass_columns_a,
          minmay_strange_pillars, feat_on_display, due_unseen_surprise
D:2:      layout_rooms, serial_shops, nicolae_shop_statue_plus,
          serial_park_tiny_pond, item_on_display_a, uniq_natasha
D:3:      gammafunk_wand_slinger, layout_rooms,
          gammafunk_temple_overflow_forgotten, minmay_shallow_snake_nest,
          uniq_jessica, uniq_robin
D:4:      minmay_polygon_palace, layout_rooms, zin_purify,
          nicolae_overflow_crystal_walls, minmay_temple_entry_hall,
          gup_sewer_entry_bubbles, minivault_24, uniq_menkaure, uniq_ijyb,
          uniq_grinder
D:5:      layout_rooms, serial_corexii_hall, corexii_hall_statues_l,
          corexii_hall_statues_i, kennysheep_donut, uniq_edmund
D:6:      layout_gridville, mainiacjoe_overflow_alcove_2, elyvilon_altar_4,
          nicolae_ossuary_entry_giza, minmay_mini_ossuary
D:7:      nicolae_cairo_tiling, layout_loops_ring,
          nicolae_overflow_hidden_temple
D:8:      layout_basic, david_lair_shrubbed, ebering_ghost_gozag
D:9:      kennysheep_housing_project, layout_cave_pools, old_standard_altar,
          kiku_gazebo_garden_becter, lemuel_round_altar, uniq_erica
D:10:     minmay_the_grid_triangle_9x9_recursive_2_mashed
          [minmay_the_grid_triangle_9x9_prize_top_heavy,
          minmay_the_grid_triangle_9x9_alien,
          minmay_the_grid_triangle_9x9_limited_checkers,
          minmay_the_grid_triangle_9x9_corrupted_corridor], layout_gridville,
          mainiacjoe_overflow_paths, minivault_25_ag, grunt_tough_drop
Temple:   chequers_temple_sunken
Lair:1:   beast_lair_carwin_large_2, layout_long_grid, gammafunk_ghost_arena,
          infiniplex_staircase_pool_2
Lair:2:   layout_roguey, swamp_mist, dummy_snake_entry,
          ebering_ghost_rock_garden
Lair:3:   layout_regular_city, grunt_megastairs_3, uniq_sonja
Lair:4:   layout_big_grid, minmay_slime_entry_pillars, kennysheep_snail_temple,
          lemuel_fruit_fields, serial_bayou_shore_b
Lair:5:   minmay_lair_end_frog_pond, layout_regular_city,
          nicolae_volcano_entry_vermiform
Orc:1:    cheibrodos_orc_guarddog, layout_caves, led_sif_book
Orc:2:    st_orc_congregation, layout_caves, minmay_orc_keep

Skill      XL: |  1  2  3  4  5  6  7  8  9 10 11 12 13 14 15 |
---------------+----------------------------------------------+-----
Maces & Flails | 2 |  2.5
Fighting       | 3 4 5 7 9 10 11 12 | 12.4
Translocations | 3 4 5 6 7 |  7.5
Unarmed Combat | 1 |  1.0
Armour         | 1 2 3 4 5 |  5.0
Air Magic      | 1 2 3 4 6 |  6.5
Poison Magic   | 1 2 3 4 5 |  5.0
Axes           | 1 2 4 6 7 8 9 10 11 | 11.5
Throwing       | 2 3 4 |  4.0
Spellcasting   | 3 4 5 6 7 8 9 |  9.4
Conjurations   | 1 2 |  2.0
Dodging        | 3 4 5 6 7 |  7.9
Invocations    | 2 5 7 8 |  8.0
Shields        | 1 6 7 |  7.7

Action                   |  1- 3 |  4- 6 |  7- 9 | 10-12 | 13-15 || total
-------------------------+-------+-------+-------+-------+-------++-------
Melee: Mace              |    46 |       |       |       |       ||    46
       Dagger            |    31 |       |       |       |       ||    31
       Short sword       |    62 |    84 |       |       |       ||   146
       Punch             |     1 |       |     2 |    15 |    10 ||    28
       War axe           |       |    20 |   376 |   640 |   446 ||  1482
Throw: Dart              |       |     4 |     8 |    25 |     1 ||    38
       Large rock        |       |       |       |    10 |    10 ||    20
       Boomerang         |       |       |       |       |     7 ||     7
 Cast: Blink             |       |     1 |    20 |    11 |    19 ||    51
       Mephitic Cloud    |       |     1 |     8 |    33 |     4 ||    46
       Portal Projectile |       |       |       |     5 |     4 ||     9
       Flame Wave        |       |       |       |       |     6 ||     6
       Teleport Other    |       |       |       |       |     5 ||     5
       Manifold Assault  |       |       |       |       |     4 ||     4
       Olgreb's Toxic Ra |       |       |       |       |     4 ||     4
Invok: Heroism           |       |       |       |    10 |     8 ||    18
       Finesse           |       |       |       |       |     2 ||     2
       Duel              |       |       |       |       |     1 ||     1
Evoke: Wand              |       |       |       |     3 |     2 ||     5
  Use: Scroll            |       |     9 |     6 |     9 |     7 ||    31
       Potion            |       |     2 |     5 |     3 |     8 ||    18
 Stab: Sleeping          |       |       |     3 |     2 |       ||     5
       Confused          |       |       |       |    12 |     1 ||    13
       Petrified         |       |       |       |       |    10 ||    10
       Petrifying        |       |       |       |       |     2 ||     2
Armor: Robe              |    37 |    18 |     1 |       |       ||    56
       Animal skin       |       |       |    89 |    23 |       ||   112
       Steam dragon scal |       |       |       |    31 |       ||    31
       Troll leather arm |       |       |       |    52 |    65 ||   117
Dodge: Dodged            |    57 |    36 |   311 |   526 |   267 ||  1197
Block: Other             |       |       |       |   177 |    53 ||   230
       Reflection        |       |       |       |    10 |       ||    10
       Orb               |       |       |       |     3 |       ||     3
       Kite shield       |       |       |       |       |   171 ||   171

Table legend: (Time is in decaauts)
 A = Elapsed time spent in this place.
 B = Non-inter-level travel time spent in this place.
 C = Inter-level travel time spent in this place.
 D = Time resting spent in this place.
 E = Time spent auto-exploring this place.
 F = Levels seen in this place.
 G = Mean time per level.
                   A        B        C        D        E       F      G
               +--------+--------+--------+--------+--------+-----+--------+
         Total |  20041 |  19071 |    970 |   4062 |   7231 |  20 | 1002.0 |
       Dungeon |  12083 |  11403 |    680 |   2937 |   4322 |  10 | 1208.3 |
        Temple |     28 |     28 |      0 |      0 |      7 |   1 |   28.0 |
          Lair |   4859 |   4592 |    267 |    644 |   1997 |   5 |  971.8 |
  Orcish Mines |   2769 |   2747 |     22 |    481 |    856 |   2 | 1384.5 |
       Ossuary |    271 |    271 |      0 |      0 |     49 |   1 |  271.0 |
         Arena |     29 |     29 |      0 |      0 |      0 |   1 |   29.0 |
               +--------+--------+--------+--------+--------+-----+--------+

Top non-repeatable levels by time:
     D:3: 2052 daAuts
     D:8: 1582 daAuts
  Lair:1: 1454 daAuts
     D:4: 1433 daAuts
     D:5: 1422 daAuts
   Orc:1: 1406 daAuts
     D:7: 1406 daAuts
   Orc:2: 1363 daAuts
     D:2: 1310 daAuts
  Lair:4: 1249 daAuts
     D:9: 1194 daAuts
     D:1: 1028 daAuts
  Lair:3: 930 daAuts
  Lair:2: 767 daAuts
     D:6: 607 daAuts
